Map: Triton LE

Players

Armani - Winner!

  • Race: Zerg Zerg
  • League: Grandmaster
  • Spawn Location: 5:00

LiquidTaeJa (TaeJa)

  • Race: Terran Terran
  • League: Grandmaster
  • Spawn Location: 11:00

VOD

Have the link to the VOD?

Description

Time

  • Played on: Jan. 9, 2020, 7:08 a.m.
  • Length: 23:58
Show
View Real Time Build Order
Export as new Build Order

Armani Zerg - Winner!

Build Orders: Hatch First, Muta Ling Bane 

Get SALT Encoding   

  12  0:00  Drone  
  13  0:12  Overlord  
  13  0:16  Drone  
  14  0:31  Drone x2  
  16  0:48  Hatchery  
  15  0:51  Drone  
  15  0:54  Drone  
  17  0:58  Drone  
  18  1:08  Extractor  
  17  1:13  Spawning Pool  
  17  1:16  Drone  
  17  1:20  Drone  
  18  1:28  Drone  
  19  1:39  Drone  
  20  1:50  Overlord  
  20  2:00  Queen x2  
  25  2:01  Zergling x4  
  26  2:09  Metabolic Boost  
  26  2:12  Drone  
  26  2:13  Drone  
  28  2:21  Drone  
  28  2:22  Drone  
  30  2:33  Drone  
  30  2:36  Queen, Drone  
  33  2:42  Overlord  
  33  2:44  Drone  
  34  2:53  Drone  
  35  3:01  Drone, Pneumatized Carapace  
  36  3:08  Hatchery  
  36  3:11  Drone x2  
  36  3:13  Queen  
  36  3:17  Drone x3  
  41  3:23  Overlord  
  41  3:28  Drone  
  41  3:33  Zergling x2  
  43  3:42  Zergling x4  
  43  3:44  Drone  
  43  3:47  Drone  
  47  3:49  Drone, Queen  
  47  3:52  Overlord  
  47  3:53  Drone  
  51  4:00  Overlord  
  51  4:03  Overlord  
  51  4:04  Evolution Chamber  
  51  4:06  Overlord  
  51  4:07  Evolution Chamber  
  51  4:09  Drone  
  50  4:11  Drone  
  50  4:12  Drone  
  50  4:15  Extractor  
  52  4:17  Drone  
  52  4:18  Drone x2  
  52  4:19  Drone  
  52  4:20  Queen  
  52  4:22  Drone  
  52  4:23  Drone  
  59  4:32  Drone x2  
  59  4:33  Zerg Ground Armor Level 1, Drone  
  59  4:34  Drone  
  59  4:37  Drone  
  59  4:38  Drone  
  65  4:40  Drone  
  65  4:42  Drone  
  67  4:46  Overlord  
  67  4:51  Drone  
  68  4:53  Zergling x2  
  68  4:54  Lair  
  68  4:57  Zergling x2  
  71  5:00  Zergling x12  
  71  5:02  Drone  
  71  5:04  Drone  
  71  5:07  Spore Crawler, Drone  
  73  5:08  Spore Crawler  
  73  5:09  Spore Crawler  
  73  5:10  Drone  
  73  5:16  Queen  
  73  5:18  Drone  
  73  5:19  Drone  
  77  5:21  Extractor x2  
  77  5:22  Drone  
  77  5:24  Baneling Nest  
  77  5:26  Drone  
  76  5:30  Drone  
  76  5:31  Drone x3  
  76  5:32  Drone  
  81  5:37  Drone  
  81  5:41  Extractor x2  
  80  5:45  Drone x2  
  80  5:49  Hatchery, Drone  
  82  5:52  Drone  
  82  5:54  Drone  
  82  5:56  Zerg Melee Weapons Level 1  
  84  6:00  Drone x4  
  84  6:03  Drone x2  
  90  6:04  Drone x3  
  90  6:06  Zergling x2  
  90  6:10  Zergling x2  
  95  6:12  Centrifical Hooks  
  95  6:14  Overlord  
  95  6:17  Baneling  
  95  6:18  Hatchery, Baneling x4  
  94  6:19  Zergling x6  
  97  6:26  Spire  
  97  6:28  Baneling x4  
  97  6:31  Zergling x4  
  98  6:32  Overlord  
  98  6:33  Overlord  
  98  6:36  Overlord  
  98  6:37  Overlord  
  98  6:40  Overlord  
  98  6:44  Zerg Ground Armor Level 2  
  98  6:51  Baneling x4  
  97  6:58  Zergling x20  
  97  7:00  Queen  
  107  7:11  Zergling x14  
  114  7:16  Overlord  
  114  7:18  Drone  
  111  7:24  Zergling x2  
  111  7:25  Zergling x12  
  118  7:32  Zergling x6  
  115  7:42  Drone, Mutalisk x6  
  128  7:45  Zerg Flyer Weapons Level 1  
  123  7:51  Mutalisk x3  
  123  7:53  Drone x2  
  123  7:54  Overlord  
  128  8:01  Zerg Melee Weapons Level 2  
  128  8:02  Zergling x2  
  128  8:03  Zergling x6  
  130  8:09  Drone x7  
  137  8:13  Overlord  
  137  8:14  Queen  
  137  8:15  Extractor  
  137  8:19  Overlord  
  138  8:21  Overlord  
  138  8:26  Zergling x6  
  141  8:29  Baneling x11  
  141  8:31  Overlord x2  
  141  8:32  Mutalisk x2  
  141  8:34  Drone x3  
  147  8:40  Hatchery  
  147  8:42  Mutalisk x2  
  151  8:49  Mutalisk  
  151  8:55  Zergling x14  
  154  8:56  Zergling x12  
  154  8:59  Drone  
  154  9:02  Infestation Pit  
  164  9:10  Mutalisk x3  
  164  9:11  Overseer  
  164  9:15  Drone x2  
  164  9:16  Overseer  
  172  9:18  Extractor  
  172  9:21  Overlord  
  172  9:22  Zergling x2  
  172  9:23  Zergling x20  
  182  9:25  Overlord  
  182  9:26  Overlord  
  182  9:27  Overlord  
  182  9:29  Overlord  
  181  9:36  Overlord  
  150  9:56  Zergling x38  
  152  10:00  Mutalisk x7  
  163  10:09  Hive  
  163  10:10  Drone x7  
  163  10:11  Mutalisk  
  172  10:19  Overseer  
  172  10:21  Baneling x15  
  172  10:26  Baneling x5  
  172  10:32  Zergling x24  
  172  10:34  Overlord  
  184  10:46  Zerg Flyer Weapons Level 2  
  184  10:49  Zergling x4  
  191  10:50  Zergling x22  
  191  10:56  Drone  
  194  10:58  Drone  
  194  10:59  Spore Crawler  
  194  11:01  Spine Crawler, Drone x2  
  194  11:02  Spine Crawler, Drone  
  195  11:04  Spore Crawler  
  195  11:07  Zergling x10  
  198  11:23  Zerg Ground Armor Level 3  
  198  11:24  Zerg Melee Weapons Level 3  
  198  11:28  Ultralisk Cavern  
  198  11:31  Baneling x19  
  166  11:47  Zergling x40  
  166  11:48  Zergling x22  
  186  12:17  Chitinous Plating  
  186  12:26  Hatchery, Ultralisk x2  
  197  12:31  Baneling x14  
  197  12:35  Zergling x4  
  197  12:37  Hatchery, Baneling  
  198  12:38  Baneling x9  
  184  12:53  Ultralisk x2  
  184  12:57  Zergling x6  
  184  12:58  Zergling x4  
  199  13:09  Overseer, Baneling x8  
  189  13:22  Zergling x10  
  189  13:23  Zergling x28  
  199  13:35  Anabolic Synthesis  
  184  13:42  Zergling x40  
  198  13:51  Greater Spire  
  147  14:03  Corruptor  
  147  14:04  Corruptor x11  
  147  14:06  Zergling x8  
  147  14:07  Zergling x4  
  165  14:15  Zergling x10  
  165  14:16  Zergling x8  
  160  14:23  Overseer  
  159  14:27  Overseer x2  
  159  14:30  Ultralisk  
  159  14:31  Ultralisk  
  170  14:36  Baneling x7  
  170  14:37  Drone x2  
  171  14:43  Zergling x20  
  171  14:44  Zergling x2  
  174  14:53  Zergling x22  
  185  15:04  Zergling x24  
  164  15:20  Ultralisk x2  
  167  15:23  Zergling x8  
  167  15:24  Zergling x8  
  170  15:31  Baneling x16  
  170  15:34  Drone  
  169  15:42  Drone  
  170  15:44  Pathogen Glands  
  170  15:45  Burrow  
  170  15:46  Corruptor x3  
  175  15:51  Zergling x14  
  178  16:01  Baneling x5  
  178  16:03  Zergling x24  
  190  16:12  Hatchery  
  190  16:14  Spore Crawler, Spine Crawler, Drone x2  
  189  16:21  Zergling x18  
  159  16:34  Ultralisk  
  159  16:35  Ultralisk  
  154  16:42  Overseer  
  154  16:43  Overseer  
  154  16:44  Zergling x26  
  167  16:51  Baneling x9  
  167  16:52  Baneling x2  
  167  16:56  Zergling x2  
  167  16:57  Zergling x16  
  176  17:04  Infestor x4  
  176  17:06  Baneling  
  176  17:07  Baneling x8  
  184  17:10  Zergling x4  
  184  17:12  Overlord  
  184  17:15  Overlord  
  153  17:35  Zergling x10  
  153  17:36  Zergling x30  
  143  17:45  Ultralisk x2  
  143  17:48  Zergling x6  
  143  17:49  Zergling x8  
  147  17:53  Overseer  
  147  17:54  Overseer  
  145  17:59  Ultralisk  
  142  18:17  Zergling x32  
  144  18:20  Baneling x5  
  144  18:24  Zergling x14  
  147  18:28  Corruptor x2  
  147  18:33  Corruptor x3  
  148  18:43  Zergling x22  
  150  18:50  Overseer  
  150  18:51  Overseer  
  150  18:54  Zergling x16  
  152  18:56  Queen x2  
  152  18:59  Infestor, Baneling x5  
  156  19:03  Ultralisk x2  
  156  19:08  Zergling x12  
  174  19:12  Baneling x5  
  174  19:15  Spine Crawler  
  173  19:19  Spine Crawler, Drone  
  173  19:24  Baneling x8  
  173  19:30  Hatchery  
  144  19:39  Zergling x24  
  144  19:40  Zergling x14  
  144  19:43  Overseer  
  146  19:50  Zergling x2  
  146  19:51  Zergling x22  
  145  20:01  Overseer  
  145  20:04  Baneling x10  
  145  20:05  Ultralisk  
  151  20:08  Zergling x16  
  151  20:10  Baneling x6  
  159  20:20  Zergling x16  
  157  20:25  Infestor  
  159  20:28  Extractor x2  
  159  20:30  Extractor  
  159  20:32  Baneling x5  
  159  20:34  Zergling x6  
  159  20:39  Overseer  
  159  20:42  Overlord x2  
  159  20:43  Overlord  
  159  20:46  Overseer  
  159  20:48  Zergling x2  
  159  20:49  Zergling x10  
  165  20:56  Overlord x2  
  162  21:09  Zergling x30  
  177  21:12  Ultralisk  
  177  21:13  Zergling x14  
  190  21:28  Spine Crawler  
  190  21:29  Spine Crawler  
  185  21:34  Ultralisk  
  185  21:37  Zergling x14  
  185  21:38  Zergling x8  
  200  21:42  Baneling x11  
  189  21:51  Zergling x28  
  198  21:58  Ultralisk  
  170  22:09  Zergling x2  
  170  22:10  Zergling x30  
  169  22:16  Ultralisk  
  169  22:22  Baneling x6  
  150  22:24  Zergling x24  
  161  22:33  Baneling x5  
  161  22:34  Zergling x12  
  165  22:46  Zergling x20  
  175  22:52  Extractor x2  
  175  22:54  Ultralisk  
  176  23:02  Zergling x14  
  176  23:03  Zergling x10  
  168  23:27  Baneling x6  
  168  23:33  Zergling x30  
  168  23:34  Zergling x16  
Show
View Real Time Build Order
Export as new Build Order

LiquidTaeJa Terran 

Build Orders: Liberator Opening, Reaper Expand 

Get SALT Encoding   

  12  0:00  SCV  
  13  0:12  SCV  
  14  0:17  Supply Depot  
  14  0:24  SCV  
  15  0:38  SCV  
  15  0:39  Barracks  
  16  0:43  Refinery  
  16  0:50  SCV  
  17  1:02  SCV  
  18  1:14  SCV  
  19  1:26  Reaper  
  19  1:27  Orbital Command  
  20  1:38  Command Center  
  20  1:49  Supply Depot  
  20  1:53  SCV  
  21  1:58  Marine  
  22  2:05  SCV  
  22  2:07  Factory  
  23  2:17  SCV  
  23  2:21  Barracks Reactor  
  24  2:29  SCV  
  25  2:39  Command Center  
  25  2:42  SCV  
  26  2:50  Orbital Command  
  26  2:55  SCV  
  26  2:57  Refinery  
  27  3:03  Starport  
  29  3:14  SCV  
  29  3:16  SCV  
  29  3:19  Marine  
  30  3:23  Hellion x2, Liberator  
  30  3:26  SCV  
  35  3:28  SCV  
  36  3:38  SCV  
  36  3:41  SCV  
  41  3:45  Barracks Tech Lab  
  41  3:46  Hellion x2  
  45  3:51  SCV  
  45  3:52  Orbital Command  
  45  3:54  SCV  
  47  4:04  SCV  
  47  4:06  SCV  
  47  4:08  Hellion  
  47  4:09  Stimpack, Hellion  
  52  4:12  Marine  
  52  4:16  SCV, Supply Depot  
  54  4:18  SCV, Orbital Command  
  55  4:27  Starport Reactor  
  55  4:28  SCV  
  55  4:30  Marine, SCV  
  58  4:32  Barracks  
  58  4:35  Factory Reactor  
  58  4:37  Barracks  
  58  4:40  SCV, Supply Depot  
  58  4:43  SCV  
  58  4:44  Engineering Bay x2  
  60  4:48  Marine  
  60  4:50  SCV  
  60  4:52  SCV  
  64  5:00  SCV  
  64  5:02  SCV  
  64  5:05  SCV  
  64  5:06  Refinery  
  64  5:07  Marine  
  64  5:08  Refinery  
  64  5:12  SCV  
  67  5:14  SCV  
  67  5:19  Marine x2  
  69  5:21  SCV  
  69  5:24  SCV, Factory Tech Lab  
  69  5:26  SCV  
  69  5:27  Terran Infantry Weapons Level 1, Terran Infantry Armor Level 1  
  72  5:31  Marine x3  
  72  5:32  Supply Depot  
  72  5:33  SCV, Supply Depot  
  76  5:36  SCV  
  76  5:42  Supply Depot  
  77  5:49  Combat Shield  
  77  5:53  Marine x2  
  77  5:54  SCV x2, Marine x2, Medivac x2  
  77  5:55  Marine, SCV  
  77  5:57  Supply Depot  
  89  5:59  Supply Depot  
  89  6:00  Barracks, Siege Tank  
  89  6:02  Barracks  
  92  6:06  SCV x2  
  92  6:07  SCV  
  95  6:11  Marine, Supply Depot  
  95  6:12  Marine x3  
  95  6:18  SCV x2  
  101  6:19  SCV  
  102  6:27  Refinery  
  102  6:29  Command Center  
  102  6:30  SCV x2  
  102  6:31  Medivac x2  
  102  6:32  Marine x3  
  110  6:33  Marine x2  
  110  6:34  SCV  
  114  6:42  Armory, Siege Tank  
  118  6:47  SCV x3  
  118  6:48  Barracks Reactor  
  118  6:50  Barracks Reactor  
  118  6:51  Supply Depot x2  
  120  7:00  Marine x2  
  119  7:05  SCV x3  
  111  7:11  Marine x2  
  111  7:12  Marine  
  111  7:14  Siege Tank  
  117  7:17  SCV x2  
  117  7:18  Marine x2  
  121  7:28  SCV  
  121  7:29  Marine x5, SCV  
  121  7:36  Medivac x2  
  114  7:38  SCV  
  114  7:40  SCV  
  114  7:41  SCV  
  114  7:43  Marine, Factory  
  114  7:44  Marine x3  
  115  7:46  Siege Tank  
  115  7:47  Marine x2  
  115  7:50  SCV  
  115  7:51  Terran Infantry Weapons Level 2  
  115  7:52  Marine x2  
  115  7:53  Marine  
  115  7:54  SCV x2  
  115  7:55  Refinery  
  115  7:56  Missile Turret  
  110  7:58  Missile Turret  
  110  8:01  Marine  
  110  8:02  SCV  
  110  8:03  Planetary Fortress  
  112  8:08  Missile Turret  
  112  8:09  Marine x3  
  112  8:10  Missile Turret  
  115  8:18  Marine x2  
  117  8:20  Terran Infantry Armor Level 2  
  117  8:21  SCV x2  
  117  8:25  SCV, Missile Turret  
  120  8:29  Factory Reactor  
  120  8:32  Marine x7, Missile Turret  
  120  8:33  SCV x2, Drilling Claws  
  129  8:36  Marine x2  
  129  8:41  SCV x2  
  133  8:45  Widow Mine  
  133  8:46  SCV x2  
  137  8:50  Marine x2  
  137  8:51  Supply Depot  
  137  8:52  Marine x5  
  137  8:53  Marine  
  137  8:54  Medivac x2  
  149  8:57  Terran Vehicle And Ship Armor Level 1  
  149  9:02  Marine  
  150  9:05  Widow Mine x2  
  150  9:07  Marine  
  150  9:08  Marine  
  156  9:12  Supply Depot  
  156  9:13  SCV x3, Supply Depot, Widow Mine  
  156  9:14  Supply Depot  
  156  9:15  Barracks x3  
  161  9:19  Marine, Marauder  
  164  9:30  Marine  
  164  9:34  Marine x5, Widow Mine  
  164  9:35  Thor  
  164  9:36  Widow Mine  
  179  9:44  Marine x3  
  163  9:48  Marine  
  163  9:52  Marine x4  
  160  9:56  Marine, Widow Mine  
  143  10:02  Marine x3, Widow Mine  
  143  10:06  Marine  
  134  10:09  Marine x4, Medivac x2  
  134  10:10  Terran Infantry Weapons Level 3  
  134  10:12  Command Center  
  134  10:13  Barracks Tech Lab x2  
  134  10:14  Marine, Barracks Tech Lab  
  141  10:17  Widow Mine  
  141  10:19  Refinery  
  141  10:20  Marine x3, Sensor Tower, Missile Turret  
  147  10:29  Widow Mine x2  
  147  10:30  SCV x4  
  147  10:32  Missile Turret  
  155  10:39  Marine x8  
  155  10:40  Marauder x3  
  155  10:42  Refinery  
  169  10:43  Concussive Shells  
  169  10:44  Marauder  
  171  10:50  Supply Depot  
  171  10:51  Supply Depot  
  171  10:56  Marine  
  169  10:57  Marine x4  
  169  10:59  Terran Infantry Armor Level 3  
  169  11:02  Marauder  
  169  11:04  Marine x4, Marauder  
  175  11:05  Widow Mine x2  
  175  11:08  Thor  
  188  11:11  Marine  
  188  11:14  Marine x3  
  192  11:23  Marauder  
  192  11:31  Marine  
  192  11:32  Marauder  
  195  11:33  Marine x3  
  195  11:34  Marine x2  
  195  11:36  Marine  
  193  11:42  Marine x2, Marauder  
  193  11:43  Marine  
  193  11:45  SCV  
  193  11:46  SCV x3, Missile Turret x2  
  190  11:54  Thor  
  190  11:57  SCV  
  190  12:00  Missile Turret  
  193  12:11  Marauder x2  
  197  12:22  Marine  
  199  12:23  Marauder  
  200  12:37  Missile Turret  
  200  12:39  Missile Turret x2  
  200  12:41  Planetary Fortress  
  200  12:47  Marine  
  199  12:59  Missile Turret  
  196  13:21  Marine x3  
  196  13:22  Marauder x4  
  196  13:23  Widow Mine  
  187  13:33  Widow Mine  
  187  13:34  Widow Mine  
  187  13:39  Orbital Command  
  167  13:41  Medivac x2  
  167  13:42  Marine  
  167  13:43  Marine x6, Marauder x3, Command Center  
  167  13:44  Marauder  
  167  13:45  Widow Mine  
  188  13:48  Terran Vehicle And Ship Armor Level 2  
  188  13:58  Widow Mine  
  167  14:05  Marauder x4  
  147  14:12  Marine x2  
  147  14:13  Marine x4  
  147  14:15  Widow Mine x2  
  133  14:21  Marine x2, Barracks  
  133  14:22  Barracks  
  133  14:23  Widow Mine  
  133  14:26  Marauder x3  
  133  14:27  Marauder  
  133  14:28  Medivac x2  
  133  14:30  Marine  
  143  14:37  Widow Mine x2  
  147  14:39  Marine x6  
  147  14:44  Widow Mine  
  155  14:47  Marauder x2  
  155  14:48  Marauder x2  
  159  14:53  Marine  
  159  14:54  Marine  
  159  14:57  Marine  
  159  14:58  Medivac x2, Widow Mine x2  
  170  15:04  Orbital Command  
  170  15:06  Widow Mine  
  157  15:09  Marine x2, Marauder x3  
  157  15:10  Marauder  
  157  15:11  Marine x2  
  140  15:17  Marine  
  140  15:18  Marine  
  140  15:19  Marine  
  139  15:22  Barracks Tech Lab  
  139  15:27  Marine, Medivac  
  139  15:28  Marine x4, Medivac  
  144  15:30  Marine, Marauder x2  
  144  15:31  Marauder x2  
  144  15:35  Marine  
  156  15:36  Marine x2  
  152  15:43  Marauder  
  152  15:45  Marine x2  
  152  15:46  Marine  
  157  15:51  Marauder  
  157  15:52  Marine x3  
  157  15:53  Marine  
  157  15:54  Widow Mine x2  
  157  15:55  Widow Mine  
  161  15:57  Marine x2, Medivac  
  161  15:58  Medivac  
  161  16:03  Marine x2  
  161  16:04  Marauder  
  167  16:08  Planetary Fortress  
  167  16:11  Marine x4, Marauder  
  170  16:12  Marine  
  174  16:20  Widow Mine  
  174  16:21  Marine x2  
  176  16:25  Marauder x2  
  176  16:26  Marauder x2  
  176  16:27  Medivac  
  176  16:28  Medivac  
  146  16:35  Orbital Command  
  146  16:37  Marine x4, Marauder  
  146  16:38  Marine x3  
  146  16:39  Marine  
  151  16:42  Marine  
  151  16:43  SCV  
  151  16:44  SCV  
  151  16:45  SCV, Command Center  
  151  16:46  Marine x2  
  159  16:47  Marauder  
  159  16:50  Marine, Supply Depot  
  160  16:54  Marine  
  160  16:55  Marine  
  160  16:57  Medivac x2  
  166  17:03  SCV x2  
  166  17:07  Marine x3  
  166  17:08  Marine x5, Marauder  
  178  17:09  Widow Mine x3  
  184  17:18  Marine x2  
  184  17:19  Marine, Marauder x2  
  190  17:25  Marine x2  
  161  17:30  Marauder  
  161  17:31  Marauder  
  161  17:32  Marine  
  161  17:33  Marine x2  
  148  17:37  Marauder  
  148  17:40  Marine, Marauder x2  
  148  17:41  Marine x3  
  148  17:43  Marine  
  130  17:50  Marine x2  
  127  17:51  Marine, Widow Mine x2  
  127  17:52  Marine, Widow Mine, Marauder x2  
  127  17:57  Marine  
  127  17:58  SCV x3, Marauder  
  141  18:02  Medivac x2  
  141  18:03  Marine, Marauder  
  147  18:11  Marine  
  124  18:21  Marine x5, Marauder  
  124  18:22  Marine x3  
  124  18:23  Widow Mine x2  
  138  18:29  Marine x3  
  138  18:30  Marauder  
  138  18:32  Medivac x2  
  138  18:34  Marauder  
  144  18:39  Marine x2  
  141  18:42  Marine x5  
  141  18:43  Marauder  
  133  18:54  Marine  
  133  18:55  Marine x3, Marauder  
  133  18:58  Widow Mine x3  
  133  19:00  SCV x2  
  133  19:01  SCV  
  133  19:02  Medivac x2  
  144  19:06  SCV  
  147  19:10  Marine x3  
  147  19:11  Marauder  
  147  19:12  SCV  
  147  19:15  Marine  
  147  19:16  Marine  
  155  19:19  Marine x3, Marauder  
  153  19:32  Medivac  
  153  19:33  Marine x3  
  153  19:34  Marauder  
  142  19:39  Marine x3, Marauder  
  142  19:40  Marauder  
  123  19:47  Marine x2, Marauder  
  123  19:52  Planetary Fortress  
  125  19:53  Marine x4  
  125  19:54  Medivac  
  129  20:00  Marine  
  129  20:01  Marine  
  129  20:02  Medivac  
  129  20:04  Widow Mine x2  
  129  20:05  Marine x3, Widow Mine  
  129  20:06  Marauder  
  144  20:12  Marine x3, Marauder  
  149  20:17  Missile Turret  
  149  20:18  Marine x3  
  149  20:19  Marine  
  149  20:20  Marauder  
  147  20:26  Widow Mine x2  
  147  20:27  Medivac, Marauder  
  147  20:28  Marine x2  
  155  20:32  Marine x2  
  157  20:36  Refinery  
  157  20:39  Marine x2, Marauder x2, Barracks Tech Lab  
  157  20:40  Refinery  
  157  20:41  Widow Mine  
  165  20:44  Missile Turret  
  165  20:46  Marine x3  
  165  20:47  Widow Mine  
  170  20:50  Marine x2  
  172  21:08  Marine x3  
  172  21:09  Marauder  
  172  21:10  Marine x2  
  179  21:24  Marine x3, Marauder x3  
  186  21:39  Marine  
  186  21:42  Marine x2  
  186  21:43  Marine x3  
  186  21:46  Marine x3  
  186  21:47  Marauder  
  184  21:48  Marauder  
  184  21:50  Marine  
  184  21:51  Marine x2  
  181  21:57  Marine  
  181  21:59  Marine x2  
  177  22:01  Marine  
  177  22:02  Marine  
  177  22:05  Marine x4, Orbital Command  
  177  22:06  Widow Mine  
  177  22:08  Marauder  
  155  22:14  Marine, Marauder x2  
  123  22:17  Marine x2, Orbital Command  
  123  22:19  Marine  
  123  22:20  Marine  
  118  22:23  Marine x4  
  118  22:29  Marauder  
  124  22:31  Supply Depot  
  124  22:32  Marine  
  124  22:35  Marine x4  
  129  22:37  Marine  
  129  22:38  Marine  
  129  22:40  SCV x2  
  129  22:41  Marine x4  
  133  22:50  Marine, Marauder  
  136  22:52  SCV  
  136  22:53  Marine x3  
  136  22:54  Marine, Marauder  
  136  22:55  Marine  
  144  23:02  Marine  
  144  23:03  Marine x2  
  144  23:04  Marine  
  146  23:05  Widow Mine  
  146  23:09  Marauder  
  146  23:11  Marine, Marauder x2  
  153  23:14  SCV  
  153  23:18  SCV  
  153  23:20  Supply Depot x2  
  153  23:22  Barracks  
  153  23:23  Marine x2, Barracks  
  153  23:24  Marine x3, Marauder  
  148  23:27  Widow Mine  
  115  23:34  Marauder x2  
  115  23:39  Marine  
  115  23:40  Marine  
Tags
 
Add a new tag
Caveats
  • Supply blocks, unpowered buildings, or Contaminate may cause inaccurate times.
  • Supply counts are checked every 10 seconds.